 Dungeon Crawl Stone Soup version 0.30-a0-591-g3c58d2bc28 (webtiles) character file.

Game seed: 8985974494942441286

175 OTABOTABOTAB the Insei (level 5, -5/33 HPs)
             Began as an Octopode Transmuter on Jan 4, 2023.
             Engulfed by a steam dragon's steam (11 damage)
             ... on level 4 of the Dungeon.
             The game lasted 00:07:06 (2896 turns).

OTABOTABOTAB the Insei (Octopode Transmuter)        Turns: 2896, Time: 00:07:07

Health: -5/33      AC:  2    Str: 10    XL:     5   Next: 55%
Magic:  5/8        EV: 19    Int: 17    God:
Gold:   184        SH:  0    Dex: 17    Spells: 2/8 levels left

rFire   . . .      SeeInvis .      - Unarmed
rCold   . . .      Faith    .    (shield currently unavailable)
rNeg    . . .      Spirit   .    (helmet currently unavailable)
rPois   x          Reflect  .    (no amulet)
rElec   .          Harm     .    (no ring)
rCorr   .          Rampage  .    (no ring)
Will    .....                    (no ring)
Stlth   ++                       (no ring)
HPRegen 0.25/turn                (no ring)
MPRegen 0.11/turn                (no ring)
                                 (no ring)
                                 (no ring)

@: spider-form, attractive
A: venomous fangs, almost no armour, (amphibious), 8 rings, tiny, (camouflage
1), (gelatinous body 1), (nimble swimmer 1), (tentacles)
a: End Transformation


You were on level 4 of the Dungeon.
You were a venomous arachnid creature.
You visited 1 branch of the dungeon, and saw 4 of its levels.

You collected 184 gold pieces.

Inventory:

Missiles
 p - a boomerang
Jewellery
 f - a ring of fire {rF+, rC-}
   (You found it on level 2 of the Dungeon)
Wands
 j - a wand of polymorph (7)
   (You took it off Jessica on level 2 of the Dungeon)
Scrolls
 a - a scroll of enchant armour {unknown}
 c - a scroll of blinking {unknown}
 g - 3 scrolls of teleportation {unknown}
 h - a scroll of enchant weapon {unknown}
 i - a scroll of noise {unknown}
 k - a scroll of identify {unknown}
 m - 2 scrolls of poison {unknown}
 o - a scroll of immolation {unknown}
Potions
 b - a potion of attraction {!q}
 d - a potion of heal wounds {unknown}
 l - a potion of mutation {unknown}
 n - a potion of flight {unknown}
 J - a potion of curing {@q1}
 P - 4 potions of lignification {!q}


   Skills:
 - Level 1.1 Fighting
 - Level 2.1 Dodging
 * Level 4.1 Unarmed Combat
 - Level 2.3 Spellcasting
 + Level 3.1 Transmutations
 + Level 1.2 Ice Magic
 - Level 3.0 Poison Magic


You had 2 spell levels left.
You knew the following spells:

 Your Spells              Type           Power      Damage    Failure   Level
a - Beastly Appendage     Tmut           24%        N/A       14%         1
b - Wereblood             Tmut           12%        N/A       21%         2
c - Spider Form           Tmut/Pois      12%        N/A       34%         3

Your spell library contained the following spells:

 Spells                   Type           Power      Damage    Failure   Level
 Ice Form                 Ice/Tmut       9%         N/A       78%         4


Dungeon Overview and Level Annotations

Branches:
Dungeon (4/15)
 Temple: D:4-7

Altars:
Qazlal
Ru


Innate Abilities, Weirdness & Mutations

You are a venomous arachnid creature.
You have poisonous fangs.
You are tiny and dextrous.
Your spellcasting is less reliable in this form.
Your armour is entirely melded.
You are incapable of wielding weapons or throwing items.
You cannot wear most types of armour.
((You are amphibious.))
You can wear up to eight rings at the same time.
((Your skin changes colour to match your surroundings (Stealth+).))
((Your rubbery body absorbs attacks. (AC +1, EV +1)))
((You are camouflaged when in or above water. (Stealth+)))
((You have tentacles for arms and can constrict up to eight enemies at once.))


Message History

The stone hits the orc but does no damage.
The spell is quite dangerous to miscast (16% risk of failure)!
Continue anyway?
You turn into a venomous arachnid creature.
You now have 5/8 mp.
The orc completely misses you.
Unknown command.
You hit the orc. The orc hits you with a +0 whip.
You take 3 damage, and have 30/33 hp.
You hit the orc.
You kill the orc!
No target in view!
No target in view!
No target in view!
Your transformation is almost over.
Your transformation has ended.
Health restored: 33 You regained 2 mp, and now have 7/8 mp.
p - a boomerang
Things that are here:
a +0 whip; a +0 leather armour; an orc corpse You now have 184 gold pieces (gained 10).
Things that are here:
a +0 whip; a +0 leather armour; an orc corpse You see here a +0 pair of gloves.
There is an open door here.
You open the door.
There is an open door here.
Done exploring.
MP restored: 8 Done exploring.
Done exploring.
Done exploring.
Done exploring.
Search for what [? for help]? altar Unknown command.
Done exploring.
Done exploring.
Done exploring.
(D) Dungeon
Where to? (Enter - D:3, ? - help)
There is an open door here.
There is a stone staircase leading down here.
You climb downwards.
There is a stone staircase leading up here.
Unknown command.
A quokka comes into view.
A quokka is nearby!
A quokka is nearby!
You throw a stone.
The stone hits the quokka but does no damage.
One of your tentacles grows a vicious spike.
You now have 7/8 mp.
You throw a stone. The stone closely misses the quokka.
You tentacle-slap the quokka. You grab the quokka.
You pierce the quokka.
You kill the quokka!
Unknown command.
No target in view!
No target in view!
Your tentacle spike disappears.
A steam dragon comes into view.
MP restored: 8 A steam dragon is nearby!
A steam dragon is nearby!
You throw a stone.
The stone hits the steam dragon but does no damage.
The spell is quite dangerous to miscast (16% risk of failure)!
Continue anyway?
You turn into a venomous arachnid creature.
The steam dragon breathes steam at you. The ball of steam hits you!!
Ouch! That really hurt!
You hear a shout!
You take 19 damage, and have 14/33 hp.
MASSIVE DAMAGE!!
You now have 5/8 mp.
It was a potion of attraction.
You feel attractive to monsters.
You are engulfed in a cloud of scalding steam.
* * * LOW HITPOINT WARNING * * *
The steam dragon is attracted toward you.
You take 6 damage, and have 8/33 hp.
It was a potion of curing.
You feel better.
J - a potion of curing You are engulfed in a cloud of scalding steam.
The steam dragon misses you. The steam dragon completely misses you.
You regained 4 hp, and now have 12/33 hp.
You completely miss the steam dragon.
You are engulfed in a cloud of scalding steam.
The steam dragon closely misses you. The steam dragon misses you.
You hit the steam dragon but do no damage.
You are engulfed in a cloud of scalding steam.
* * * LOW HITPOINT WARNING * * *
The steam dragon misses you. The steam dragon closely misses you.
You take 6 damage, and have 6/33 hp.
You hit the steam dragon. The steam dragon closely misses you.
The steam dragon misses you. The hobgoblin is attracted toward you.
A hobgoblin comes into view.
You hit the steam dragon but do no damage.
The steam dragon is poisoned.
You are engulfed in a cloud of scalding steam.
You die...

#.###.###.#
#.........#
#####.##### #.#
#.# #.# #.#
#.#############
#......sD§g..§.
##############.


You could see a steam dragon (very poisoned) and a hobgoblin.

Vanquished Creatures
  A hound (D:3)
  Jessica (D:2)
  An orc wizard (D:3)
  2 adders (D:2)
  2 worms
  2 dart slugs
  2 orcs (D:3)
  5 bats
  10 endoplasms
  2 giant cockroaches
  7 hobgoblins
  2 jackals (D:3)
  6 kobolds
  2 quokkas
  8 ball pythons
  2 frilled lizards
  8 rats
63 creatures vanquished.

Notes
Turn   | Place    | Note
-------+----------+-------------------------------------------
     0 | D:1      | OTABOTABOTAB the Octopode Transmuter began the quest for
                  | the Orb.
     0 | D:1      | Reached XP level 1. HP: 13/13 MP: 3/3
   242 | D:1      | Reached XP level 2. HP: 18/18 MP: 3/5
   282 | D:1      | HP: 4/18 [hobgoblin (3)]
   289 | D:1      | Reached skill level 1 in Poison Magic
   898 | D:2      | Reached XP level 3. HP: 23/23 MP: 4/6
   965 | D:2      | Found a stormy altar of Qazlal.
  1132 | D:2      | Noticed Jessica
  1169 | D:2      | Killed Jessica
  1170 | D:2      | Reached XP level 4. HP: 28/28 MP: 7/7
  1175 | D:2      | Reached skill level 2 in Poison Magic
  1459 | D:2      | Learned a level 3 spell: Spider Form
  1462 | D:2      | Learned a level 2 spell: Wereblood
  1580 | D:2      | You fall into a shaft and drop 1 floor!
  1664 | D:2      | Found a faded altar of an unknown god.
  2296 | D:3      | Reached skill level 3 in Poison Magic
  2296 | D:3      | Reached skill level 3 in Transmutations
  2296 | D:3      | Reached XP level 5. HP: 26/33 MP: 4/8
  2530 | D:3      | Found a sacrificial altar of Ru.
  2547 | D:3      | Reached skill level 4 in Unarmed Combat
  2547 | D:3      | Reached skill level 1 in Ice Magic
  2887 | D:4      | Noticed a steam dragon
  2891 | D:4      | HP: 8/33 [something] (6)]
  2896 | D:4      | Engulfed by a steam dragon's steam

Illustrated notes

Levels and vault maps discovered:
D:1:      mrwooster_arrival_statue_3, layout_loops_ring, serial_park_tiny_2,
          minmay_tall_x
D:2:      layout_loops_ring, basic_altar, chequers_ecumenical_altar_simple,
          uniq_jessica
D:3:      layout_rooms, nicolae_ru_great_annihilating_truth
D:4:      layout_loops_ring, mainiacjoe_overflow_cross_hatched,
          nicolae_hepliaklqana_ecumenical_no_more,
          minmay_temple_entry_stoned_glass, grunt_decor_arrowhead,
          minmay_misc_feat_iff

Skill      XL: |  1  2  3  4  5 |
---------------+----------------+-----
Poison Magic   | 1 3 |  3.0
Transmutations | 3 |  3.1
Unarmed Combat | 4 |  4.1
Ice Magic      | 1 |  1.2
Fighting       | |  1.1
Dodging        | |  2.1
Spellcasting   | |  2.3

Action                   |  1- 3 |  4- 6 || total
-------------------------+-------+-------++-------
Melee: Unarmed           |    61 |    66 ||   127
       Kick              |    15 |     3 ||    18
       Constrict         |    13 |     5 ||    18
       Tentacles         |    12 |     2 ||    14
       Punch             |     1 |       ||     1
Throw: Stone             |     5 |    15 ||    20
 Cast: Beastly Appendage |    22 |     7 ||    29
       Spider Form       |       |    11 ||    11
 Abil: End Transformatio |    18 |    15 ||    33
  Use: Potion            |       |     2 ||     2
 Stab: Sleeping          |     5 |     1 ||     6
       Paralysed         |       |     1 ||     1
Armor: Skin              |     7 |     4 ||    11
Dodge: Dodged            |    43 |    49 ||    92

Table legend: (Time is in decaauts)
 A = Elapsed time spent in this place.
 B = Non-inter-level travel time spent in this place.
 C = Inter-level travel time spent in this place.
 D = Time resting spent in this place.
 E = Time spent auto-exploring this place.
 F = Levels seen in this place.
 G = Mean time per level.
                   A        B        C        D        E       F      G
               +--------+--------+--------+--------+--------+-----+--------+
         Total |   2884 |   2807 |     77 |    102 |   2222 |   4 |  721.0 |
       Dungeon |   2884 |   2807 |     77 |    102 |   2222 |   4 |  721.0 |
               +--------+--------+--------+--------+--------+-----+--------+

Top non-repeatable levels by time:
     D:2: 999 daAuts
     D:3: 933 daAuts
     D:1: 891 daAuts
     D:4: 59 daAuts

Table legend:
 A = Kills in this place as a percentage of kills in entire the game.
 B = Kills by you in this place as a percentage of kills by you in the entire game.
 C = Kills by friends in this place as a percentage of kills by friends in the entire game.
 D = Other kills in this place as a percentage of other kills in the entire game.
 E = Experience gained in this place as a percentage of experience gained in the entire game.
 F = Experience gained in this place divided by the number of levels of this place that you have seen.
                   A       B       C       D       E      F
               +-------+-------+-------+-------+-------+----------------------
         Total | 100.0 | 100.0 |   N/A |   N/A | 100.0 |  62.5
       Dungeon | 100.0 | 100.0 |   N/A |   N/A | 100.0 |  62.5
               +-------+-------+-------+-------+-------+----------------------
